 Dungeon Crawl Stone Soup version 0.18-a0-1285-g60d00e1 (webtiles) character file.

1503 Duffy the Cleaver (level 8, -7/66 HPs)
             Began as a Deep Dwarf Gladiator on Feb 8, 2016.
             Splashed by an oklob sapling's acid (10 damage)
             ... on level 6 of the Dungeon.
             The game lasted 00:05:20 (3470 turns).

Duffy the Cleaver (Deep Dwarf Gladiator)            Turns: 3470, Time: 00:05:20

Health: -7/66      AC:  7    Str: 20    XL:     8   Next: 52%
Magic:  8/8        EV:  9    Int:  8    God:
Gold:   216        SH:  0    Dex: 15    Spells: 0 memorised, 7 levels left

rFire  . . .     SeeInvis .     a - +0 war axe
rCold  . . .     Gourm    .     g - +0 chain mail
rNeg   . . .     Faith    +     (no shield)
rPois  .         Spirit   .     c - +0 helmet
rElec  .         Dismiss  .     s - +0 cloak
rCorr  .         Reflect  .     (no gloves)
SustAt .         Harm     .     (no boots)
MR     +....                    t - amulet of faith
Stlth  ..........               (no ring)
                                (no ring)

@: corroded equipment, non-regenerating, somewhat resistant to hostile
enchantments, extremely unstealthy
A: damage resistance, recharge devices, molten scales 1, sense surroundings 1,
slow regeneration 3
a: Device Recharging


You were on level 6 of the Dungeon.
You were hungry.

You visited 1 branch of the dungeon, and saw 6 of its levels.

You collected 216 gold pieces.


Innate Abilities, Weirdness & Mutations

You are resistant to damage.
You can recharge devices by infusing magical energy.
You passively map a small area around you.
You do not regenerate naturally.
You are partially covered in molten scales (AC +1).


   Skills:
 - Level 1.7 Fighting
 + Level 11.9 Axes
 - Level 1.7 Throwing
 - Level 3.2 Dodging


You had 7 spell levels left.
You didn't know any spells.

Inventory:

Hand Weapons
 a - a +0 war axe (weapon)
Missiles
 d - a throwing net (quivered)
 r - 23 poisoned needles
 u - 6 curare-tipped needles
Armour
 b - a +0 leather armour
 c - a +0 helmet (worn)
 g - a +0 chain mail (worn)
 s - a +0 cloak (worn)
Jewellery
 t - an amulet of faith (around neck)
Wands
 e - a wand of heal wounds (2/9)
 p - a wand of lightning (8/15)
Scrolls
 h - 3 scrolls of identify
 i - 3 scrolls of enchant armour {unknown}
 l - a scroll of fog {unknown}
 o - 3 scrolls of remove curse {unknown}
 q - a scroll of noise {unknown}
 v - a scroll of enchant weapon {unknown}
 w - 2 scrolls of teleportation
Potions
 j - 2 potions of haste
 k - a potion of magic {unknown}
 x - 2 potions of ambrosia {unknown}
 z - a potion of agility {unknown}
 A - 3 potions of resistance {unknown}
 C - a potion of degeneration {unknown}
Books
 y - a book of Maledictions
Comestibles
 f - 5 bread rations
 m - 2 beef jerkies
 n - 2 meat rations
 B - 4 chunks of flesh

Dungeon Overview and Level Annotations

Branches:
Dungeon (6/15)             Temple (0/1) D:6

Altars:
Ashenzari
Cheibriados

Annotations:
D:6 exclusion: oklob sapling


Message History

You hit the plant.
The plant is lightly damaged.
You hit the oklob sapling.
The oklob sapling is heavily damaged.
You hit the plant but do no damage.
The plant is lightly damaged.
You hit the plant but do no damage.
The plant is moderately damaged.
You hit the plant.
The plant is heavily damaged.
You hit the plant.
The plant is moderately damaged.
You hit the oklob sapling.
The oklob sapling is severely damaged.
You hit the plant but do no damage.
The plant is lightly damaged.
You hit the plant but do no damage.
The plant is moderately damaged.
You hit the plant but do no damage.
The plant is heavily damaged.
You hit the plant but do no damage.
The plant is moderately damaged.
You hit the oklob sapling but do no damage.
The oklob sapling is severely damaged.
You hit the plant but do no damage.
The plant is moderately damaged.
You hit the plant but do no damage.
The plant is heavily damaged.
You hit the plant but do no damage.
The plant is moderately damaged.
You hit the plant but do no damage.
The plant is lightly damaged.
The oklob sapling spits acid at you. The splash of acid hits you!
The acid corrodes you!
The acid burns!
You die...

####....##.# #......(#.#
#[## ##.........# *
*#....(..#.# #...
......<.#### *
,,+.........# ####
.#......# *
###.).......... .
#......#
######..........####*##
####...#
#....P............ ,*
#..># #P.PPP.P..........#
*
#...###.PP.PP...........#
######..P.>P@...........#
..PP.PPP........... * ,
)..PPP$P..#.###... *
..P..PP...#.# ##
....#######.# * ..##* *
.# , , #, , ,.# * * , ,##
,


You could see an oklob sapling.

Action                   |  1- 3 |  4- 6 |  7- 9 || total
-------------------------+-------+-------+-------++-------
Melee: War axe           |    91 |   127 |   190 ||   408
Throw: Throwing net      |       |     3 |       ||     3
Evoke: Wand              |       |     1 |     2 ||     3
  Use: Potion            |       |     4 |     1 ||     5
       Scroll            |       |     4 |       ||     4
 Stab: Held in net/web   |       |     1 |       ||     1
  Eat: Chunk             |       |     6 |     3 ||     9

Notes
Turn   | Place    | Note
--------------------------------------------------------------
     0 | D:1      | Duffy the Deep Dwarf Gladiator began the quest for the Orb.
     0 | D:1      | Reached XP level 1. HP: 19/19 MP: 1/1
   143 | D:1      | Reached skill level 4 in Axes
   143 | D:1      | Reached XP level 2. HP: 23/26 MP: 2/2
   621 | D:1      | Reached XP level 3. HP: 28/32 MP: 3/3
   720 | D:2      | Reached skill level 5 in Axes
  1128 | D:2      | Reached XP level 4. HP: 34/39 MP: 4/4
  1218 | D:2      | Found a snail-covered altar of Cheibriados.
  1623 | D:3      | Noticed Sigmund
  1954 | D:3      | Reached skill level 6 in Axes
  1958 | D:3      | Killed Sigmund
  1958 | D:3      | Reached skill level 7 in Axes
  1958 | D:3      | Reached XP level 5. HP: 34/45 MP: 5/5
  2018 | D:3      | Reached XP level 6. HP: 38/52 MP: 6/6
  2084 | D:3      | Gained mutation: You are partially covered in molten scales (AC +1). [potion of beneficial mutation]
  2292 | D:4      | Reached skill level 8 in Axes
  2391 | D:4      | Found a shattered altar of Ashenzari.
  2400 | D:5      | Entered Level 5 of the Dungeon
  2407 | D:5      | Reached skill level 9 in Axes
  2407 | D:5      | Reached XP level 7. HP: 24/58 MP: 7/7
  2522 | D:5      | Noticed Edmund
  2545 | D:5      | Killed Edmund
  2598 | D:5      | Reached skill level 10 in Axes
  2924 | D:5      | Noticed Blork the orc
  2936 | D:5      | Killed Blork the orc
  3188 | D:6      | Reached XP level 8. HP: 58/66 MP: 8/8
  3313 | D:6      | Reached skill level 11 in Axes
  3374 | D:6      | Noticed Menkaure
  3380 | D:6      | Killed Menkaure
  3407 | D:6      | Found a staircase to the Ecumenical Temple.
  3470 | D:6      | Splashed by an oklob sapling's acid

Vault maps used:
D:1:      ncdulo_smallfort
D:2:      marbit_many_paths, first_bread
D:3:      kennysheep_doodads, small_statue_alley_b, minmay_misc_feat_alley,
          minmay_misc_feat_encased, uniq_sigmund
D:4:      elyvilon_altar_3, ashenzari_altar_1, grunt_qazlal_clouds
D:5:      uniq_edmund, uniq_blork_the_orc
D:6:      minmay_temple_entry_oklob, uniq_menkaure

Vanquished Creatures
  Sigmund Edmund Menkaure
  2 ogres
  A centaur Blork the orc
  2 giant frogs
  2 water moccasin skeletons
  A scorpion
  A crimson imp
  A giant frog zombie
  A hound
  An orc priest
  2 iguanas
  4 orc wizards
  2 worker ants
  A hound skeleton
  A gnoll
  9 adders
  2 worms
  2 giant geckos
  7 orcs
  7 bats
  3 giant cockroaches
  10 goblins
  3 hobgoblins
  7 jackals
  2 quokkas
  A giant gecko skeleton
  4 giant newts
  9 kobolds
  A quokka skeleton
  A quokka zombie
  9 rats
  3 plants
106 creatures vanquished.
